 Dungeon Crawl Stone Soup version 0.28.0 (webtiles) character file.

Game seed: 13350360593019867377

4334 jjjjhere the Destroyer (level 10, -2/73 (74) HPs)
             Began as a Gnoll Conjurer on Feb 13, 2022.
             Was a Believer of Makhleb.
             Succumbed to a hornet's poison
             ... on level 9 of the Dungeon.
             The game lasted 00:15:05 (11074 turns).

jjjjhere the Destroyer (Gnoll Conjurer)            Turns: 11074, Time: 00:15:05

HP:   -2/73 (74)    AC: 12    Str: 17    XL:     10   Next: 33%
MP:   12/20         EV: 13    Int: 21    God:    Makhleb [**....]
Gold: 434           SH:  0    Dex: 11    Spells: 9/23 levels left

rFire   + . .      SeeInvis .   j - +1 short sword (drain)
rCold   . . .      Faith    .   (no shield)
rNeg    . . .      Spirit   .   c - +2 ring mail {rF+}
rPois   .          Reflect  .   h - +2 helmet
rElec   +          Harm     .   (no cloak)
rCorr   +          Rampage  .   p - +0 pair of gloves
Will    +....                   (no boots)
Stlth   +++.......              (no amulet)
HPRegen 0.22/turn               r - ring of willpower
MPRegen 0.17/turn               e - ring of Afuwkar {rElec rCorr Str+6 Int+4 Slay-2}

@: lethally poisoned (-2 -> -24), slowed, lightly drained, very slow
A: fangs 1, strong nose, distributed training
a: Renounce Religion, Minor Destruction


You were on level 9 of the Dungeon.
You worshipped Makhleb.
Makhleb was pleased with you.
You visited 2 branches of the dungeon, and saw 10 of its levels.

You collected 434 gold pieces.

Inventory:

Hand Weapons
 d - a +0 spear
 j - a +1 short sword of draining (weapon)
 A - a +0 trident of protection
Missiles
 b - 11 boomerangs
 g - 7 atropa-tipped darts
 u - a throwing net
Armour
 a - a +0 robe
 c - a +2 ring mail of fire resistance (worn)
 h - a +2 helmet (worn)
 i - a +0 plate armour
 p - a +0 pair of gloves (worn)
 x - the +0 ring mail of Conscience {*Corrode rElec Str+6 Int+2}
   (You found it on level 5 of the Dungeon)

   Str:       It affects your strength (+6).
   Int:       It affects your intelligence (+2).
   rElec:     It insulates you from electricity.
   *Corrode:  It may corrode you when you take damage.
Jewellery
 e - the ring of Afuwkar (right hand) {rElec rCorr Str+6 Int+4 Slay-2}
   (You acquired it on level 5 of the Dungeon)

   [ring of strength]

   Str:       It affects your strength (+6).
   Int:       It affects your intelligence (+4).
   Slay:      It affects your accuracy & damage with ranged weapons and melee
   (-2).
   rElec:     It insulates you from electricity.
   rCorr:     It protects you from acid and corrosion.
 r - a ring of willpower (left hand)
Wands
 B - a wand of polymorph (11)
Scrolls
 f - a scroll of immolation
 m - a scroll of noise {unknown}
 n - a scroll of teleportation
 o - 2 scrolls of vulnerability
 q - 2 scrolls of blinking
 v - a scroll of fog {unknown}
 y - a scroll of fear
Potions
 k - a potion of attraction
 l - 2 potions of resistance
 s - 3 potions of cancellation
 t - a potion of might {unknown}
 w - a potion of lignification
 z - a potion of flight
 C - a potion of curing {unknown}


   Skills:
 + Level 5.2 Fighting
 + Level 5.2 Short Blades
 + Level 5.2 Long Blades
 + Level 5.2 Axes
 + Level 5.2 Maces & Flails
 + Level 5.2 Polearms
 + Level 5.2 Staves
 + Level 5.2 Slings
 + Level 5.2 Bows
 + Level 5.2 Crossbows
 + Level 5.2 Throwing
 + Level 5.2 Armour
 + Level 7.0 Dodging
 + Level 6.7 Stealth
 + Level 5.2 Shields
 + Level 5.2 Unarmed Combat
 + Level 7.3 Spellcasting
 + Level 8.4 Conjurations
 + Level 4.2 Hexes
 + Level 4.2 Summonings
 + Level 4.2 Necromancy
 + Level 4.2 Translocations
 + Level 4.2 Transmutations
 + Level 4.2 Fire Magic
 + Level 4.2 Ice Magic
 + Level 4.2 Air Magic
 + Level 4.2 Earth Magic
 + Level 4.2 Poison Magic
 + Level 5.7 Invocations
 + Level 5.2 Evocations


You had 9 spell levels left.
You knew the following spells:

 Your Spells              Type           Power      Damage    Failure   Level
a - Magic Dart            Conj           100%       1d8       1%          1
b - Searing Ray           Conj           86%        2d7       1%          2
c - Blink                 Tloc           50%        N/A       3%          2
d - Dazzling Flash        Conj/Hex       68%        N/A       3%          3
e - Wereblood             Tmut           25%        N/A       3%          2
f - Sticky Flame          Conj/Fire      34%        2d5       11%         4

Your spell library contained the following spells:

 Spells                   Type           Power      Damage    Failure   Level
 Freeze                   Ice            100%       1d11      2%          1
 Sublimation of Blood     Necr           25%        N/A       3%          2
 Conjure Flame            Conj/Fire      34%        6-21      3%          3
 Frozen Ramparts          Ice            50%        1d7       8%          3
 Ignite Poison            Fire/Tmut/Pois 25%        N/A       8%          3
 Lesser Beckoning         Tloc           25%        N/A       8%          3
 Fulminant Prism          Conj/Hex       17%        3d11      11%         4
 Hailstorm                Conj/Ice       34%        3d9       11%         4
 Iskenderun's Mystic Bla  Conj/Tloc      34%        2d8       11%         4
 Manifold Assault         Tloc           25%        N/A       56%         5
 Summon Hydra             Summ           12%        N/A       100%        7


Dungeon Overview and Level Annotations

Branches:
Dungeon (9/15)             Temple (1/1) D:5
   Lair: D:8-11         Orc: D:9-12

Altars:
Ashenzari
Cheibriados
Dithmenos
Elyvilon
Fedhas
Hepliaklqana
Kikubaaqudgha
Makhleb
Nemelex Xobeh
Okawaru
Qazlal
Ru
Sif Muna
Trog
Uskayaw
Vehumet
Wu Jian
Xom
Yredelemnul
Zin
The Shining One

Shops:
D:8 :

Annotations:
D:4 3 runed translucent doors, hikkokomori's ghost, novice FoFi


Innate Abilities, Weirdness & Mutations

You have very sharp teeth.
Your uncanny sense of smell can sniff out nearby items.
Your experience applies equally to all skills.


Message History

Press: ? - help, Shift-Dir - straight line, f/p - hornet
Aim: a hornet (heavily wounded, 73% to hit)
The searing ray hits the hornet!
The hornet is severely wounded. (Press . to maintain the ray.)
You feel yourself speed up. The hornet stings you!
You feel yourself slow down. The hornet stings you.
You are poisoned.
You feel as though you will be slow longer.
The searing ray hits the hornet.
The hornet is almost dead.
You feel very sick. The hornet stings you.
You feel as though you will be slow longer.
The hornet stings you!
You are more poisoned.
You suddenly lose the ability to move!
You can move again.
You feel very sick. The hornet stings you!
* * * LOW HITPOINT WARNING * * *
You are lethally poisoned!
You shrug off the repeated paralysis!
The hornet stings you.
* * * LOW HITPOINT WARNING * * *
You feel as though you will be slow longer.
The hornet stings you!
* * * LOW HITPOINT WARNING * * *
You shrug off the repeated paralysis!
Okay, then.
Okay, then.
Casting: Searing Ray (safe; 1% risk of failure)
Confirm with . or Enter, or press ? or * to list all spells.
Aiming: Searing Ray (safe; 1% risk of failure)
Press: ? - help, Shift-Dir - straight line, f/p - hornet
Aim: a hornet (almost dead, 73% to hit)
The searing ray hits the hornet.
You kill the hornet!
Makhleb accepts your kill. (Press . to maintain the ray.)
You die...

#################
........................
....>...................
.......................<
........................
.>......................
........................
......†.............^...
.......@................
........................
....#....#####...#######
... #....# #.......... .
#....+ #..........
#....# #..........
###### ####..#####
#..#.... #..#....


There were no monsters in sight!

Vanquished Creatures
  Grinder (D:3)
  A hornet (D:9)
  5 yaks (D:8)
  2 steam dragons
  Duvessa (D:5)
  2 water moccasins
  An orc warrior (D:9)
  An ice beast (D:7)
  A necrophage (D:4)
  An ogre (D:4)
  A black bear (D:8)
  2 centaurs (D:8)
  A bullfrog (D:7)
  A gnoll sergeant (D:8)
  A water moccasin zombie (D:6)
  6 scorpions
  A wyvern skeleton (D:6)
  Dowan (D:5)
  A water moccasin skeleton (D:5)
  6 killer bees (D:7)
  11 wights
  A centaur zombie (D:7)
  2 jellies (D:4)
  A gnoll shaman (D:5)
  An orc priest (D:3)
  A bullfrog skeleton (D:5)
  5 hounds
  2 iguanas
  Terence (D:3)
  4 orc wizards
  A scorpion zombie (D:5)
  A killer bee zombie (D:9)
  A hound skeleton (D:4)
  Robin (D:2)
  2 adders
  13 gnolls
  An ufetubus (D:4)
  An adder skeleton (D:4)
  A worm (D:2)
  A dart slug (D:4)
  19 orcs
  7 ball pythons
  4 endoplasms
  4 giant cockroaches
  11 goblins
  7 hobgoblins
  10 jackals
  7 kobolds
  3 quokkas
  3 bats (D:2)
  A frilled lizard (D:1)
  5 rats
170 creatures vanquished.

Notes
Turn   | Place    | Note
-------+----------+-------------------------------------------
     0 | D:1      | jjjjhere the Gnoll Conjurer began the quest for the Orb.
     0 | D:1      | Reached XP level 1. HP: 13/13 MP: 6/6
   130 | D:1      | Reached XP level 2. HP: 19/19 MP: 1/7
   211 | D:1      | Learned a level 2 spell: Searing Ray
   950 | D:2      | Reached skill level 5 in Spellcasting
   950 | D:2      | Reached skill level 1 in Invocations
   950 | D:2      | Reached XP level 3. HP: 25/25 MP: 3/9
   951 | D:2      | Reached skill level 1 in Fighting
   951 | D:2      | Reached skill level 1 in Short Blades
   951 | D:2      | Reached skill level 1 in Long Blades
   951 | D:2      | Reached skill level 1 in Axes
   951 | D:2      | Reached skill level 1 in Maces & Flails
   951 | D:2      | Reached skill level 1 in Polearms
   951 | D:2      | Reached skill level 1 in Staves
   951 | D:2      | Reached skill level 1 in Slings
   951 | D:2      | Reached skill level 1 in Bows
   951 | D:2      | Reached skill level 1 in Crossbows
   951 | D:2      | Reached skill level 1 in Throwing
   951 | D:2      | Reached skill level 1 in Armour
   951 | D:2      | Reached skill level 1 in Shields
   951 | D:2      | Reached skill level 1 in Unarmed Combat
   951 | D:2      | Reached skill level 1 in Evocations
  1278 | D:2      | Reached XP level 4. HP: 32/32 MP: 11/11
  1596 | D:3      | Noticed Robin
  1678 | D:3      | Reached skill level 1 in Hexes
  1678 | D:3      | Reached skill level 1 in Summonings
  1678 | D:3      | Reached skill level 1 in Necromancy
  1678 | D:3      | Reached skill level 1 in Translocations
  1678 | D:3      | Reached skill level 1 in Transmutations
  1678 | D:3      | Reached skill level 1 in Fire Magic
  1678 | D:3      | Reached skill level 1 in Ice Magic
  1678 | D:3      | Reached skill level 1 in Air Magic
  1678 | D:3      | Reached skill level 1 in Earth Magic
  1678 | D:3      | Reached skill level 1 in Poison Magic
  1689 | D:2      | Killed Robin
  1920 | D:3      | Reached XP level 5. HP: 25/37 MP: 12/12
  2101 | D:3      | Noticed Grinder
  2109 | D:3      | Killed Grinder
  2110 | D:3      | Reached skill level 5 in Dodging
  2110 | D:3      | Reached XP level 6. HP: 23/44 MP: 3/14
  2286 | D:3      | Found an ornate altar of the Wu Jian Council.
  2290 | D:3      | Learned a level 2 spell: Blink
  2326 | D:3      | Noticed Terence
  2342 | D:3      | Killed Terence
  2595 | D:3      | Found a faded altar of an unknown god.
  2638 | D:3      | Found a shadowy altar of Dithmenos.
  3205 | D:4      | Reached XP level 7. HP: 39/50 MP: 6/15
  3556 | D:4      | Learned a level 3 spell: Dazzling Flash
  3776 | D:4      | Reached skill level 5 in Stealth
  3926 | D:4      | Found a runed translucent gate.
  3977 | D:4      | Found a runed translucent gate.
  3978 | D:4      | Found a runed translucent gate.
  4039 | D:4      | Reached XP level 8. HP: 33/57 MP: 10/16
  4246 | D:4      | Found a blossoming altar of Fedhas.
  4248 | D:4      | Found a sparkling altar of Nemelex Xobeh.
  4509 | D:4      | Noticed hikkokomori's ghost (novice FoFi)
  4528 | D:5      | Entered Level 5 of the Dungeon
  4627 | D:5      | Found a staircase to the Ecumenical Temple.
  4660 | Temple   | Entered the Ecumenical Temple
  4784 | Temple   | Became a worshipper of Makhleb the Destroyer
  5078 | D:5      | Found a snail-covered altar of Cheibriados.
  5240 | D:5      | Noticed Duvessa
  5240 | D:5      | Noticed Dowan
  5345 | D:5      | Killed Duvessa
  5357 | D:5      | Killed Dowan
  5724 | D:5      | Found a glowing silver altar of Zin.
  5752 | D:5      | Identified the +0 ring mail of Conscience {*Corrode rElec
                  | Str+6 Int+2}
  6113 | D:5      | Identified a scroll of acquirement
  6113 | D:5      | Acquired the ring of Afuwkar {rElec rCorr Str+6 Int+4
                  | Slay-2}
  6422 | D:6      | Reached XP level 9. HP: 39/65 MP: 10/18
  7272 | D:6      | Learned a level 2 spell: Wereblood
  7444 | D:6      | Reached * piety under Makhleb
  8314 | D:7      | Found a shimmering altar of Xom.
  8317 | D:7      | Found a shimmering altar of Xom.
  8317 | D:7      | Found a shimmering altar of Xom.
  8318 | D:7      | Found a shimmering altar of Xom.
  8476 | D:7      | Reached skill level 8 in Conjurations
  9234 | D:7      | Found a hazy altar of Hepliaklqana.
  9315 | D:8      | Learned a level 4 spell: Sticky Flame
  9501 | D:8      | Reached skill level 5 in Invocations
  9607 | D:8      | Found Weishoshu's Self-Improvement Boutique.
  9750 | D:8      | HP: 21/66 [centaur (1)]
 10108 | D:8      | Reached XP level 10. HP: 72/73 MP: 12/20
 10406 | D:8      | Reached skill level 5 in Fighting
 10406 | D:8      | Reached skill level 5 in Short Blades
 10406 | D:8      | Reached skill level 5 in Long Blades
 10406 | D:8      | Reached skill level 5 in Axes
 10406 | D:8      | Reached skill level 5 in Maces & Flails
 10406 | D:8      | Reached skill level 5 in Polearms
 10406 | D:8      | Reached skill level 5 in Staves
 10406 | D:8      | Reached skill level 5 in Slings
 10406 | D:8      | Reached skill level 5 in Bows
 10406 | D:8      | Reached skill level 5 in Crossbows
 10406 | D:8      | Reached skill level 5 in Throwing
 10406 | D:8      | Reached skill level 5 in Armour
 10406 | D:8      | Reached skill level 5 in Shields
 10406 | D:8      | Reached skill level 5 in Unarmed Combat
 10406 | D:8      | Reached skill level 5 in Evocations
 10430 | D:8      | HP: 21/74 [yak (5)]
 10968 | D:9      | Reached ** piety under Makhleb
 11072 | D:9      | Paralysed by a hornet for 1 turns
 11073 | D:9      | HP: 16/73 [hornet (13)]
 11073 | D:9      | HP: 5/73 [hornet (10)]
 11074 | D:9      | Succumbed to a hornet's poison

Illustrated notes

Levels and vault maps discovered:
D:1:      psy_arrival_conway, layout_rooms
D:2:      layout_loops_corners, kennysheep_generic_room_4
D:3:      layout_rooms, nicolae_wu_jian_wuxing_cycle,
          mainiacjoe_overflow_alcove_2, shapermc_ecumenical_altar_ellora,
          uniq_robin, uniq_terence, uniq_grinder
D:4:      minmay_angry_zag, layout_basic, minitemple,
          gammafunk_ghost_necromancy, chequers_serial_rivers_small_b
D:5:      layout_basic, nicolae_overflow_crystal_walls,
          overflow_temple_1_default, temple_green, uniq_duvessa
D:6:      layout_layer_cave, kennysheep_generic_room_14
D:7:      layout_basic, nicolae_hepliaklqana_hippocampus, xom_shifter_show,
          chequers_serial_rivers_micro_c
D:8:      layout_gridville, nicolae_shop_self_help
D:9:      layout_grid_maze, serial_shops, nicolae_shop_behind_doors,
          nicolae_underground_beach
Temple:   dshaligram_water_room_temple

Skill      XL: |  1  2  3  4  5  6  7  8  9 10 |
---------------+-------------------------------+-----
Spellcasting   | 5 6 7 |  7.3
Invocations    | 1 2 3 4 5 |  5.7
Fighting       | 1 2 3 4 5 |  5.2
Short Blades   | 1 2 3 4 5 |  5.2
Long Blades    | 1 2 3 4 5 |  5.2
Axes           | 1 2 3 4 5 |  5.2
Maces & Flails | 1 2 3 4 5 |  5.2
Polearms       | 1 2 3 4 5 |  5.2
Staves         | 1 2 3 4 5 |  5.2
Slings         | 1 2 3 4 5 |  5.2
Bows           | 1 2 3 4 5 |  5.2
Crossbows      | 1 2 3 4 5 |  5.2
Throwing       | 1 2 3 4 5 |  5.2
Armour         | 1 2 3 4 5 |  5.2
Shields        | 1 2 3 4 5 |  5.2
Unarmed Combat | 1 2 3 4 5 |  5.2
Evocations     | 1 2 3 4 5 |  5.2
Hexes          | 1 2 3 4 |  4.2
Summonings     | 1 2 3 4 |  4.2
Necromancy     | 1 2 3 4 |  4.2
Translocations | 1 2 3 4 |  4.2
Transmutations | 1 2 3 4 |  4.2
Fire Magic     | 1 2 3 4 |  4.2
Ice Magic      | 1 2 3 4 |  4.2
Air Magic      | 1 2 3 4 |  4.2
Earth Magic    | 1 2 3 4 |  4.2
Poison Magic   | 1 2 3 4 |  4.2
Dodging        | 5 6 7 |  7.0
Stealth        | 5 6 |  6.7
Conjurations   | 8 |  8.4

Action                   |  1- 3 |  4- 6 |  7- 9 | 10-12 || total
-------------------------+-------+-------+-------+-------++-------
Melee: Short sword       |    20 |    72 |   194 |    28 ||   314
       Spear             |     7 |       |       |       ||     7
       Bite              |     1 |     2 |    17 |     8 ||    28
       Punch             |       |     1 |     9 |     1 ||    11
 Cast: Magic Dart        |    13 |     1 |     2 |       ||    16
       Searing Ray       |     3 |    11 |    62 |    13 ||    89
       Dazzling Flash    |       |       |     3 |       ||     3
       Wereblood         |       |       |     3 |     1 ||     4
  Use: Scroll            |       |       |    11 |       ||    11
 Stab: Sleeping          |     5 |     2 |     5 |       ||    12
Armor: Robe              |     1 |       |       |       ||     1
       Ring mail         |    10 |    31 |   133 |    16 ||   190
Dodge: Dodged            |    17 |    47 |   219 |    36 ||   319
